TOP OF THE 1ST |
New York Knights batting - Pitching for Irvine Gang Green : RHP Cristóbal Gómez
|
Pitching: RHP Cristóbal Gómez
|
|
Batting: LHB Warren Potter
|
0-0: Ball 1-0: Swinging Strike 1-1: Ground out 4-3 (Groundball, 4D)
|
Batting: RHB Pepe Carrasco
|
0-0: Ball 1-0: Called Strike 1-1: Ball 2-1: Ball 3-1: Foul Ball, location: 2F 3-2: Foul Ball, location: 2F 3-2: Foul Ball, location: 2F 3-2: Ground out 6-3 (Groundball, 6S)
|
Batting: LHB Troy Donaldson
|
0-0: Called Strike 0-1: Foul Ball, location: 2F 0-2: Reached on error, E3 (Groundball, 3)
|
Batting: RHB Lonnie Anderson
|
0-0: Called Strike 0-1: Called Strike 0-2: Ball Troy Donaldson steals 2nd base 1-2: Ball 2-2: Ball 3-2: Strikes out swinging
|
Top of the 1st over - 0 run(s), 0 hit(s), 1 error(s), 1 left on base; New York 0 - Irvine 0 |
BOTTOM OF THE 1ST |
Irvine Gang Green batting - Pitching for New York Knights : RHP Thatcher Smith
|
Pitching: RHP Thatcher Smith
|
|
Batting: LHB Leonardo Medina
|
0-0: Ball 1-0: Ball 2-0: Foul Ball, location: 2F 2-1: Called Strike 2-2: Foul Ball, location: 2F 2-2: Ball 3-2: SINGLE (Line Drive, 56D)
|
Batting: LHB Tony Tavárez
|
0-0: Ball 1-0: Ball 2-0: Called Strike 2-1: Ball 3-1: Foul Ball, location: 2F 3-2: SINGLE (Line Drive, 8RS) Leonardo Medina to second
|
Batting: LHB Jorge Martínez
|
0-0: Foul Ball, location: 2F 0-1: Foul Ball, location: 2F 0-2: Foul Ball, location: 2F 0-2: Ball 1-2: Ball 2-2: Ball 3-2: Fielders Choice at 2nd, 3-6 (Groundball, 3) Leonardo Medina to third
|
Batting: LHB Víctor Quiñones
|
0-0: Called Strike 0-1: Ground out U3 (Groundball, 34S) Leonardo Medina scores Jorge Martínez to second
|
Batting: RHB Buck Jones
|
0-0: Ball 1-0: Fly out, F7 (Flyball, 7S)
|
Bottom of the 1st over - 1 run(s), 2 hit(s), 0 error(s), 1 left on base; New York 0 - Irvine 1 |
TOP OF THE 2ND |
New York Knights batting - Pitching for Irvine Gang Green : RHP Cristóbal Gómez
|
Batting: SHB Marvin Harris
|
0-0: Reached via error on a dropped throw, E1
|
Batting: LHB Marcos Pérez
|
0-0: Foul Ball, location: 2F 0-1: Ball 1-1: Ball 2-1: Foul Ball, location: 2F 2-2: Grounds into double play, 3-6-3 (Groundball, 3)
|
Batting: LHB Pablo Rivas
|
0-0: Fly out, F9 (Flyball, 9D)
|
Top of the 2nd over - 0 run(s), 0 hit(s), 1 error(s), 0 left on base; New York 0 - Irvine 1 |
BOTTOM OF THE 2ND |
Irvine Gang Green batting - Pitching for New York Knights : RHP Thatcher Smith
|
Batting: RHB José Salazar
|
0-0: Called Strike 0-1: Ball 1-1: Called Strike 1-2: Ball 2-2: Ball 3-2: Fly out, F7 (Line Drive, 78M)
|
Batting: LHB José Sánchez
|
0-0: Foul Ball, location: 2F 0-1: Ball 1-1: Ground out 4-3 (Groundball, 4)
|
Batting: RHB Tom Doherty
|
0-0: Ball 1-0: Ball 2-0: Ball 3-0: Called Strike 3-1: Foul Ball, location: 2F 3-2: Foul Ball, location: 2F 3-2: Ground out 6-3 (Groundball, 6)
|
Bottom of the 2nd over - 0 run(s), 0 hit(s), 0 error(s), 0 left on base; New York 0 - Irvine 1 |
TOP OF THE 3RD |
New York Knights batting - Pitching for Irvine Gang Green : RHP Cristóbal Gómez
|
Batting: RHB Yasuhiko Sumita
|
0-0: Ball 1-0: Called Strike 1-1: Foul Ball, location: 2F 1-2: Foul Ball, location: 2F 1-2: Strikes out swinging
|
Batting: LHB Dan Hamilton
|
0-0: Ball 1-0: Ground out 4-3 (Groundball, 4)
|
Batting: LHB Warren Potter
|
0-0: Ball 1-0: SINGLE (Groundball, 6D)
|
Batting: RHB Pepe Carrasco
|
0-0: Foul Ball, location: 2F 0-1: Called Strike 0-2: Foul Ball, location: 2F 0-2: Foul Ball, location: 2F 0-2: Ball 1-2: Strikes out looking
|
Top of the 3rd over - 0 run(s), 1 hit(s), 0 error(s), 1 left on base; New York 0 - Irvine 1 |
BOTTOM OF THE 3RD |
Irvine Gang Green batting - Pitching for New York Knights : RHP Thatcher Smith
|
Batting: RHB Aaron Wilson
|
0-0: Ground out U3 (Groundball, 3)
|
Batting: LHB Leonardo Medina
|
0-0: Ball 1-0: Ball 2-0: Called Strike 2-1: Ball 3-1: Swinging Strike 3-2: Fly out, F6 (Popup, 6S)
|
Batting: LHB Tony Tavárez
|
0-0: SINGLE (Groundball, 4D)
|
Batting: LHB Jorge Martínez
|
0-0: Ball 1-0: Fly out, F8 (Flyball, 8LD)
|
Bottom of the 3rd over - 0 run(s), 1 hit(s), 0 error(s), 1 left on base; New York 0 - Irvine 1 |
TOP OF THE 4TH |
New York Knights batting - Pitching for Irvine Gang Green : RHP Cristóbal Gómez
|
Batting: LHB Troy Donaldson
|
0-0: Ball 1-0: Called Strike 1-1: Ball 2-1: SOLO HOME RUN (Flyball, 9LD), Distance : 407 ft
|
Batting: RHB Lonnie Anderson
|
0-0: Swinging Strike 0-1: Foul Ball, location: 2F 0-2: Ball 1-2: Ball 2-2: Strikes out swinging
|
Batting: SHB Marvin Harris
|
0-0: Ball 1-0: DOUBLE (Groundball, 3L)
|
Batting: LHB Marcos Pérez
|
0-0: Ball 1-0: Ground out 4-3 (Groundball, 34) Marvin Harris to third
|
Batting: LHB Pablo Rivas
|
0-0: Ball 1-0: Called Strike 1-1: Ball 2-1: SINGLE (Groundball, 15) (infield hit) Marvin Harris scores
|
Batting: RHB Yasuhiko Sumita
|
0-0: Swinging Strike 0-1: Ball 1-1: Fly out, F9 (Line Drive, 9S)
|
Top of the 4th over - 2 run(s), 3 hit(s), 0 error(s), 1 left on base; New York 2 - Irvine 1 |
BOTTOM OF THE 4TH |
Irvine Gang Green batting - Pitching for New York Knights : RHP Thatcher Smith
|
Batting: LHB Víctor Quiñones
|
0-0: Called Strike 0-1: Foul Ball, location: 2F 0-2: Ball 1-2: Foul Ball, location: 2F 1-2: Ball 2-2: Foul Ball, location: 2F 2-2: Ball 3-2: DOUBLE (Flyball, 89XD)
|
Batting: RHB Buck Jones
|
0-0: Ground out 4-3 (Groundball, 4S) Víctor Quiñones to third
|
Batting: RHB José Salazar
|
0-0: Ball 1-0: Called Strike 1-1: SINGLE (Line Drive, 6) Víctor Quiñones scores
|
Batting: LHB José Sánchez
|
0-0: Ball 1-0: Ball 2-0: Foul Ball, location: 2F 2-1: Swinging Strike 2-2: Ball 3-2: Foul Ball, location: 2F 3-2: Base on Balls José Salazar to second
|
Batting: RHB Tom Doherty
|
0-0: Foul Ball, location: 2F 0-1: Foul Ball, location: 2F 0-2: Ball 1-2: Strikes out looking
|
Batting: RHB Aaron Wilson
|
0-0: Ball 1-0: Foul Ball, location: 2F 1-1: DOUBLE (Line Drive, 9LS) José Salazar scores José Sánchez to third Runner from 3rd tries for Home, SAFE, no throw
|
Batting: LHB Leonardo Medina
|
0-0: Ball 1-0: Ball 2-0: Fly out, F8 (Line Drive, 8RM)
|
Bottom of the 4th over - 3 run(s), 3 hit(s), 0 error(s), 1 left on base; New York 2 - Irvine 4 |
TOP OF THE 5TH |
New York Knights batting - Pitching for Irvine Gang Green : RHP Cristóbal Gómez
|
Batting: LHB Dan Hamilton
|
0-0: Fly out, F8 (Line Drive, 78S)
|
Batting: LHB Warren Potter
|
0-0: Ground out 6-3 (Groundball, 6S)
|
Batting: RHB Pepe Carrasco
|
0-0: Foul Ball, location: 2F 0-1: Foul Ball, location: 2F 0-2: Ball 1-2: Ball 2-2: Foul Ball, location: 2F 2-2: Ball 3-2: Foul Ball, location: 2F 3-2: Foul Ball, location: 2F 3-2: Ground out 6-3 (Groundball, 6)
|
Top of the 5th over - 0 run(s), 0 hit(s), 0 error(s), 0 left on base; New York 2 - Irvine 4 |
BOTTOM OF THE 5TH |
Irvine Gang Green batting - Pitching for New York Knights : RHP Thatcher Smith
|
Batting: LHB Tony Tavárez
|
0-0: Called Strike 0-1: Ball 1-1: Swinging Strike 1-2: Ground out 3-1 (Groundball, 34)
|
Batting: LHB Jorge Martínez
|
0-0: Called Strike 0-1: Foul Ball, location: 2F 0-2: Foul Ball, location: 2F 0-2: Ground out 4-3 (Groundball, 4)
|
Batting: LHB Víctor Quiñones
|
0-0: Called Strike 0-1: Ball 1-1: Swinging Strike 1-2: Strikes out looking
|
Bottom of the 5th over - 0 run(s), 0 hit(s), 0 error(s), 0 left on base; New York 2 - Irvine 4 |
TOP OF THE 6TH |
New York Knights batting - Pitching for Irvine Gang Green : RHP Cristóbal Gómez
|
Batting: LHB Troy Donaldson
|
0-0: DOUBLE (Line Drive, 8RXD)
|
Batting: RHB Lonnie Anderson
|
0-0: Ball 1-0: Foul Ball, location: 2F 1-1: Ground out 6-3 (Groundball, 6) Troy Donaldson to third
|
Batting: SHB Marvin Harris
|
0-0: Called Strike 0-1: Ball 1-1: SINGLE (Line Drive, 34) Troy Donaldson scores
|
Batting: LHB Marcos Pérez
|
0-0: Ball 1-0: Ball 2-0: Ball 3-0: Called Strike 3-1: Grounds into double play, 4-6-3 (Groundball, 34)
|
Top of the 6th over - 1 run(s), 2 hit(s), 0 error(s), 0 left on base; New York 3 - Irvine 4 |
BOTTOM OF THE 6TH |
Irvine Gang Green batting - Pitching for New York Knights : RHP Thatcher Smith
|
Pitching: RHP James Jones
|
|
Batting: RHB Buck Jones
|
0-0: Ball 1-0: TRIPLE (Flyball, 8LXD)
|
Batting: RHB José Salazar
|
0-0: Intentional Walk
|
Batting: LHB José Sánchez
|
0-0: Foul Ball, location: 2F 0-1: Fly out, F9 (Flyball, 9) Runner from 3rd tags up, SCORES, throw made
|
Batting: RHB Tom Doherty
|
0-0: Called Strike 0-1: Ball 1-1: SINGLE (Groundball, 56D) José Salazar to second José Salazar to third
|
Batting: RHB Aaron Wilson
|
0-0: Swinging Strike 0-1: Ball 1-1: Ball 2-1: Foul Ball, location: 2F 2-2: Foul Ball, location: 2F 2-2: Ball 3-2: Grounds into double play, 5-4-3 (Groundball, 56)
|
Bottom of the 6th over - 1 run(s), 2 hit(s), 0 error(s), 1 left on base; New York 3 - Irvine 5 |
TOP OF THE 7TH |
New York Knights batting - Pitching for Irvine Gang Green : RHP Cristóbal Gómez
|
Batting: LHB Pablo Rivas
|
0-0: Ball 1-0: Ground out 4-3 (Groundball, 4M)
|
Batting: RHB Yasuhiko Sumita
|
0-0: Fly out, F4 (Popup, 4S)
|
Batting: LHB Dan Hamilton
|
0-0: Foul Ball, location: 2F 0-1: Ball 1-1: Ground out 4-3 (Groundball, 4)
|
Top of the 7th over - 0 run(s), 0 hit(s), 0 error(s), 0 left on base; New York 3 - Irvine 5 |
BOTTOM OF THE 7TH |
Irvine Gang Green batting - Pitching for New York Knights : RHP James Jones
|
Batting: LHB Leonardo Medina
|
0-0: Called Strike 0-1: Called Strike 0-2: Ball 1-2: Strikes out swinging
|
Batting: LHB Tony Tavárez
|
0-0: Called Strike 0-1: Foul Ball, location: 2F 0-2: Ball 1-2: Foul Ball, location: 2F 1-2: Foul Ball, location: 2F 1-2: Ball 2-2: Ball 3-2: Strikes out swinging
|
Batting: LHB Jorge Martínez
|
0-0: Called Strike 0-1: Ball 1-1: Swinging Strike 1-2: Fly out, F3 (Popup, 34)
|
Bottom of the 7th over - 0 run(s), 0 hit(s), 0 error(s), 0 left on base; New York 3 - Irvine 5 |
TOP OF THE 8TH |
New York Knights batting - Pitching for Irvine Gang Green : RHP Cristóbal Gómez
|
Now in LF: Eichiro Yamamoto
|
|
Batting: LHB Warren Potter
|
0-0: Ball 1-0: Ball 2-0: Called Strike 2-1: Fly out, F6 (Popup, 6)
|
Batting: RHB Pepe Carrasco
|
0-0: Ball 1-0: Called Strike 1-1: Ball 2-1: Ball 3-1: Swinging Strike 3-2: Strikes out swinging
|
Batting: LHB Troy Donaldson
|
0-0: Ball 1-0: Foul Ball, location: 2F 1-1: Ground out U3 (Groundball, 3)
|
Top of the 8th over - 0 run(s), 0 hit(s), 0 error(s), 0 left on base; New York 3 - Irvine 5 |
BOTTOM OF THE 8TH |
Irvine Gang Green batting - Pitching for New York Knights : RHP James Jones
|
Batting: LHB Víctor Quiñones
|
0-0: Ground out U3 (Groundball, 34)
|
Batting: RHB Buck Jones
|
0-0: Ball 1-0: Called Strike 1-1: Ball 2-1: Ball 3-1: Base on Balls
|
Batting: RHB José Salazar
|
0-0: Foul Ball, location: 2F 0-1: Called Strike Buck Jones is caught stealing 2nd base 0-2: Ball 1-2: Foul Ball, location: 2F 1-2: Foul Ball, location: 2F 1-2: Ground out 5-3 (Groundball, 56S)
|
Bottom of the 8th over - 0 run(s), 0 hit(s), 0 error(s), 0 left on base; New York 3 - Irvine 5 |
|